 Dungeon Crawl Stone Soup version 0.25-a0-110-ge29c8f2358 (webtiles) character file.

Game seed: 1667266068726228018, levelgen mode: deterministic

18612 sanka the Unseen (level 12, -10/61 HPs)
             Began as a Spriggan Enchanter on Nov 19, 2019.
             Was an Elder of Wu Jian.
             Mangled by a death yak (13 damage)
             ... on level 11 of the Dungeon.
             The game lasted 00:48:55 (16099 turns).

sanka the Unseen (Spriggan Enchanter)              Turns: 16099, Time: 00:48:55

Health: -10/61     AC:  5    Str: 11    XL:     12   Next: 29%
Magic:  27/27      EV: 27    Int: 19    God:    Wu Jian [****..]
Gold:   675        SH:  4    Dex: 15    Spells: 19/31 levels left

rFire    . . .     SeeInvis +   K - -1 rapier (curse)
rCold    . . .     Gourm    .   (shield restricted)
rNeg     . . .     Faith    .   S - +2 robe "Uzxe Ujeki" {+Inv Str+7 Dex-2}
rPois    .         Spirit   .   L - +1 hat
rElec    .         Reflect  +   (no cloak)
rCorr    .         Harm     .   (gloves unavailable)
MR       +++..                  (boots unavailable)
Stlth    ++++++....             n - +4 amulet of reflection
HPRegen  0.20/turn              e - -2 ring of dexterity
MPRegen  0.20/turn              t - ring of protection from magic

@: very slightly contaminated, very quick
A: very small, unfitting armour, see invisible, herbivore, speed 3, slow
metabolism 2
a: Wall Jump, Serpent's Lash, Renounce Religion, Evoke Invisibility


You were on level 11 of the Dungeon.
You worshipped Wu Jian.
Wu Jian was greatly pleased with you.
You were near starving.

You visited 2 branches of the dungeon, and saw 12 of its levels.

You collected 675 gold pieces.


Innate Abilities, Weirdness & Mutations

You are very small and have problems with some larger weapons.
You are too small for most types of armour.
You have supernaturally acute eyesight. (SInv)
You are a herbivore.
You cover ground extremely quickly.
You need to consume almost no food.


   Skills:
 - Level 6.0 Fighting
 - Level 8.0 Short Blades
 + Level 11.9 Dodging
 + Level 15.1 Stealth
 - Level 10.0 Spellcasting
 + Level 10.9 Hexes
 - Level 2.0 Summonings
 + Level 1.2 Evocations


You had 19 spell levels left.
You knew the following spells:

 Your Spells              Type           Power        Failure   Level  Hunger
c - Summon Mana Viper     Hex/Summ       ####....     14%         5    #####..
x - Confuse               Hex            ######..     1%          3    None
z - Ensorcelled Hibernat  Hex/Ice        ####..       1%          2    None
X - Confusing Touch       Hex            ######       1%          1    None
Z - Corona                Hex            ######.      1%          1    None

Your spell library contained the following spells:

 Spells                   Type           Power        Failure   Level  Hunger
 Tukima's Dance           Hex            ######..     1%          3    None
 Dazzling Spray           Conj/Hex       ####..       2%          3    None
 Summon Butterflies       Summ           ###.....     3%          1    None
 Shock                    Conj/Air       #...         8%          1    None
 Call Canine Familiar     Summ           ###.....     10%         3    None
 Swiftness                Chrm/Air       #.......     11%         2    None
 Gell's Gravitas          Tloc           #.........   22%         3    None
 Static Discharge         Conj/Air       #.......     22%         3    None
 Metabolic Englaciation   Hex/Ice        ####......   22%         5    #####..
 Yara's Violent Unravell  Hex/Tmut       ####......   22%         5    #####..
 Summon Ice Beast         Ice/Summ       ##......     43%         4    ##.....
 Airstrike                Air            #.........   58%         4    ##.....
 Petrify                  Tmut/Erth      #.......     58%         4    ##.....
 Lightning Bolt           Conj/Air       #.........   90%         5    #####..
 Summon Hydra             Summ           ###.......   100%        7    #######

Inventory:

Hand Weapons
 a - a +1 dagger
 b - the +9 falchion "Coeluwaa" {elec, rElec} Occasionally, upon striking a foe, it will discharge some electrical energy and cause terrible harm. It insulates you from electricity.
 B - a +1 dagger of distortion
 D - the +9 whip of the World {chaos, rF- rN+ Stlth+} Each time it hits an enemy it has a different, random effect. It makes you vulnerable to fire. It protects you from negative energy. It makes you more stealthy.
 K - a cursed -1 rapier (weapon)
Missiles
 l - 57 poisoned darts (quivered)
 C - 8 curare-tipped darts {=f}
Armour
 w - a +2 animal skin
 L - a +1 hat (worn)
 S - the +2 robe "Uzxe Ujeki" (worn) {+Inv Str+7 Dex-2}

   It affects your strength (+7).
   It affects your dexterity (-2).
   It lets you turn invisible.
Magical Staves
 Q - an uncursed staff of air {unknown}
Jewellery
 e - a -2 ring of dexterity (left hand)
 n - a +4 amulet of reflection (around neck)
 t - a ring of protection from magic (right hand)
 y - an uncursed ring of resist corrosion {unknown}
 G - an uncursed ring of protection from magic
 O - a cursed ring of magical power {unknown}
Wands
 o - a wand of iceblast (5)
 p - a wand of paralysis (7)
 r - a wand of polymorph (11)
 J - a wand of digging (6)
Scrolls
 f - 3 scrolls of amnesia
 i - 4 scrolls of teleportation
 j - 5 scrolls of fear
 k - 5 scrolls of magic mapping
 x - 2 scrolls of blinking
 z - 2 scrolls of immolation {!r}
 A - 4 scrolls of enchant weapon
 H - a scroll of fog
 M - 2 scrolls of vulnerability {!r}
 N - 2 scrolls of summoning
Potions
 c - 7 potions of curing
 g - a potion of resistance
 h - 8 potions of heal wounds
 m - a potion of invisibility
 q - 2 potions of degeneration {!q}
 s - 5 potions of flight {unknown}
 u - a potion of might
 v - a potion of lignification {!q}
 E - 3 potions of brilliance {unknown}
 F - a potion of cancellation {unknown}
 I - a potion of haste
 R - a potion of agility
Miscellaneous
 P - a phantom mirror
Comestibles
 d - 14 rations

Dungeon Overview and Level Annotations

Branches:
Dungeon (11/15)            Temple (1/1) D:7            Lair (0/6) D:11
    Orc: D:9-12

Altars:
Ashenzari
Cheibriados
Dithmenos
Elyvilon
Fedhas
Gozag
Hepliaklqana
Kikubaaqudgha
Makhleb
Nemelex Xobeh
Okawaru
Qazlal
Ru
Sif Muna
Trog
Uskayaw
Vehumet
Wu Jian
Xom
Yredelemnul
Zin
The Shining One

Shops:
D:5 *   D:9 :*   D:11 (

Portals:
Trove: D:10 (give +4 ice dragon scales)

Annotations:
D:3 1 runed translucent door
D:5 Dowan

▒.................
▒.............▒...
▒▒▒▒▒▒▒▒▒▒▒▒▒▒▒.▒▒..▒▒(..▒▒▒.
▒▒..▒▒..▒▒(.▒▒▒▒.▒▒▒▒▒▒...▒▒▒.
▒.....................▒.......
▒......▒'▒............▒.......
▒......'∩'..Y.........▒.......
▒......▒)▒..Y.........▒.(.....
▒.......)...Yi(...)..▒▒(▒▒▒▒▒▒
▒.......▒)..YY.......▒..[.(▒▒▒
▒.......▒.(...........((((÷...
▒▒▒▒▒..>...▒▒▒▒▒▒▒..▒.▒.▒.▒......
...▒▒......▒▒ ▒...............
..........Y.▒ ▒..▒.▒.▒.▒......
...Y........▒ ▒...............
............▒ ▒..▒.▒.▒.▒......
............▒ ▒▒..............


You could see 5 death yaks.


Message History

The death yak gores you but does no damage.
The death yak closely misses you.
You hit the death yak.
The death yak is moderately wounded.
The death yak closely misses you. The death yak barely misses you.
You hit the death yak but do no damage.
The death yak is moderately wounded.
The death yak bellows!
The death yak completely misses you. The death yak closely misses you.
You barely miss the death yak.
The death yak is moderately wounded.
You block the death yak's attack. The death yak misses you.
The death yak closely misses you.
You catch the helpless death yak completely off-guard!
You impale the death yak!!
The death yak is severely wounded.
The death yak completely misses you. The death yak closely misses you.
The death yak bellows!
You hit the death yak.
The death yak is severely wounded.
The death yak closely misses you. The death yak barely misses you.
You block the death yak's attack. x2
You hit the death yak but do no damage.
The death yak is severely wounded.
The death yak barely misses you. The death yak misses you.
You hit the death yak.
The death yak is severely wounded.
You flicker back into view.
The death yak gores you!
You die...

Action                   |  1- 3 |  4- 6 |  7- 9 | 10-12 || total
-------------------------+-------+-------+-------+-------++-------
Melee: Dagger            |    76 |   124 |    92 |   281 ||   573
       Rapier            |       |    10 |       |   189 ||   199
       Short sword       |       |    11 |     9 |    87 ||   107
       Falchion          |       |       |    99 |       ||    99
Throw: Dart              |       |       |    22 |       ||    22
 Cast: Corona            |     5 |       |       |       ||     5
       Ensorcelled Hiber |    30 |    61 |    44 |   222 ||   357
       Confuse           |       |       |     9 |    57 ||    66
Invok: Lunge             |       |       |       |    53 ||    53
       Whirlwind         |       |       |       |     9 ||     9
 Abil: Evoke Invisibilit |       |       |       |     1 ||     1
Evoke: Wand              |       |       |     2 |     6 ||     8
  Use: Scroll            |       |     7 |     7 |     6 ||    20
       Potion            |       |       |     1 |       ||     1
 Stab: Sleeping          |    23 |    41 |    39 |   151 ||   254
       Distracted        |       |     2 |       |     7 ||     9
       Confused          |       |       |     8 |    21 ||    29
       Invisible         |       |       |       |     6 ||     6
  Eat: Ration            |       |     3 |     3 |     3 ||     9
Armor: Robe              |     6 |    12 |    14 |    25 ||    57
       Animal skin       |       |       |       |    17 ||    17
       Troll leather arm |       |       |       |     1 ||     1
Dodge: Dodged            |    72 |   142 |   198 |   703 ||  1115
Block: Other             |       |       |       |    50 ||    50
       Reflection        |       |       |       |     1 ||     1
       Rpst.: Falchion   |       |       |    43 |       ||    43

Levels and vault maps discovered:
D:1:      minmay_arrival_three_doors, layout_basic, minmay_box_of_dots
D:2:      layout_loops_ring, dk_vineyard_3
D:3:      layout_rooms, lemuel_angel_altar
D:4:      layout_basic, first_ration, serial_bayou, serial_bayou_crossing,
          serial_bayou_ford_a, serial_bayou_lake_a, serial_bayou_pond_e
D:5:      cheibrodos_barr_body, layout_cave_pods, serial_shops, shop,
          uniq_eustachio, uniq_pikel, uniq_duvessa
D:6:      kb_forest_paths, layout_basic, marbit_many_paths,
          gammafunk_ghost_nasty_kobolds
D:7:      layout_loops_ring, minmay_temple_entry_mist, the_bakery
D:8:      cheibrodos_quashed, layout_loops_ring, basic_altar, uniq_gastronok
D:9:      layout_irregular_city, serial_shops, shop, kennysheep_little_box,
          basic_altar
D:10:     layout_basic, enter_trove_3, uniq_grum, uniq_josephine, uniq_erolcha
D:11:     layout_gridville, dpeg_lair_monsters, erik_orc_2, serial_shops,
          kennysheep_mini, serial_glass, glass_columns_a, glass_columns_c
Temple:   nicolae_temple_the_god_donut

Notes
Turn   | Place    | Note
-------+----------+-------------------------------------------
     0 | D:1      | sanka the Spriggan Enchanter began the quest for the Orb.
     0 | D:1      | Reached XP level 1. HP: 9/9 MP: 5/5
   365 | D:1      | Reached XP level 2. HP: 13/13 MP: 3/6
   369 | D:1      | Learned a level 2 spell: Ensorcelled Hibernation
   398 | D:1      | Reached skill level 5 in Stealth
   602 | D:1      | Reached skill level 2 in Short Blades
  1610 | D:2      | Reached XP level 3. HP: 16/16 MP: 5/8
  1981 | D:1      | Reached skill level 6 in Stealth
  2074 | D:2      | Reached skill level 3 in Short Blades
  2088 | D:2      | Reached XP level 4. HP: 21/21 MP: 5/9
  2471 | D:2      | Noticed a bullfrog
  2473 | D:2      | Killed a bullfrog
  2473 | D:2      | Reached skill level 7 in Stealth
  2473 | D:2      | Reached XP level 5. HP: 24/24 MP: 10/10
  2516 | D:2      | Reached skill level 4 in Short Blades
  3045 | D:3      | Learned a level 3 spell: Confuse
  3389 | D:3      | Reached skill level 8 in Stealth
  3411 | D:3      | Reached XP level 6. HP: 19/28 MP: 0/11
  3594 | D:3      | Found a white marble altar of Elyvilon.
  3594 | D:3      | Found a runed translucent door.
  3594 | D:3      | Noticed an angel
  3626 | D:3      | Identified a potion of resistance
  3647 | D:3      | Reached skill level 5 in Short Blades
  4111 | D:4      | Reached skill level 3 in Spellcasting
  4111 | D:4      | Reached skill level 4 in Hexes
  4252 | D:4      | Reached skill level 4 in Spellcasting
  4366 | D:4      | Reached XP level 7. HP: 21/32 MP: 7/14
  4449 | D:4      | Got a twisted falchion
  4450 | D:4      | Identified the cursed +3 falchion "Vivatz" {flame, Fragile
                  | rC+ rN+ Str+4} (You found it on level 4 of the Dungeon)
  4790 | D:5      | Entered Level 5 of the Dungeon
  4812 | D:5      | Reached skill level 5 in Hexes
  5178 | D:5      | Reached skill level 1 in Fighting
  5178 | D:5      | Reached skill level 4 in Dodging
  5219 | D:5      | Noticed Eustachio
  5238 | D:5      | Killed Eustachio
  5238 | D:5      | Reached skill level 5 in Spellcasting
  5280 | D:5      | Reached skill level 6 in Hexes
  5280 | D:5      | Reached XP level 8. HP: 10/39 MP: 15/17
  5768 | D:5      | Reached skill level 2 in Fighting
  5768 | D:5      | Reached skill level 5 in Dodging
  5788 | D:5      | Noticed Pikel
  5893 | D:5      | Killed Pikel
  5893 | D:5      | Reached skill level 3 in Fighting
  5893 | D:5      | Reached skill level 6 in Dodging
  5893 | D:5      | Reached skill level 6 in Spellcasting
  6226 | D:5      | Reached skill level 7 in Hexes
  6252 | D:5      | Found Noino's General Store.
  6469 | D:5      | Noticed Dowan
  6471 | D:5      | Noticed Duvessa
  6535 | D:4      | HP: 4/40 [poisoned by Duvessa]
  6810 | D:5      | Killed Duvessa
  6877 | D:5      | Reached skill level 7 in Dodging
  6877 | D:5      | Reached skill level 7 in Spellcasting
  7030 | D:5      | Reached XP level 9. HP: 30/44 MP: 20/20
  7198 | D:6      | Reached skill level 8 in Hexes
  7215 | D:6      | Reached skill level 8 in Dodging
  7546 | D:6      | Found a stormy altar of Qazlal.
  7549 | D:6      | Reached skill level 9 in Stealth
  7649 | D:6      | Reached skill level 6 in Short Blades
  7821 | D:6      | Found a runed translucent gate.
  7822 | D:6      | Found a runed translucent gate.
  7822 | D:6      | Identified the +9 whip of the World {chaos, rF- rN+ Stlth+}
  7823 | D:6      | Found a runed translucent gate.
  7824 | D:6      | Noticed Tenar's ghost (novice DsGl)
  7955 | D:6      | Reached skill level 10 in Stealth
  7968 | D:6      | Reached skill level 7 in Short Blades
  7994 | D:6      | HP: 1/44 [Tenar's ghost (17)]
  8004 | D:6      | Killed Tenar's ghost
  8004 | D:6      | Reached skill level 11 in Stealth
  8128 | D:6      | Reached XP level 10. HP: 38/49 MP: 14/21
  8134 | D:6      | Reached skill level 8 in Short Blades
  8327 | D:7      | Noticed a two-headed ogre
  8523 | D:7      | Killed a two-headed ogre
  8523 | D:7      | Reached skill level 13 in Stealth
  9008 | D:7      | Found a staircase to the Ecumenical Temple.
  9061 | Temple   | Entered the Ecumenical Temple
  9099 | Temple   | Became a worshipper of the Wu Jian Council
  9947 | D:8      | Found an iron altar of Okawaru.
  9960 | D:8      | Noticed Gastronok
 10020 | D:8      | Killed Gastronok
 10020 | D:8      | Reached skill level 4 in Fighting
 10020 | D:8      | Reached skill level 9 in Dodging
 10020 | D:8      | Reached skill level 8 in Spellcasting
 10067 | D:8      | Noticed a two-headed ogre
 10073 | D:8      | Killed a two-headed ogre
 10073 | D:8      | Reached * piety under Wu Jian
 10073 | D:8      | Reached skill level 9 in Hexes
 10073 | D:8      | Reached XP level 11. HP: 51/53 MP: 10/24
 10184 | D:8      | Reached skill level 14 in Stealth
 10765 | D:9      | Learned a level 5 spell: Summon Mana Viper
 11086 | D:9      | Learned a level 1 spell: Confusing Touch
 11100 | D:9      | Found a basalt altar of Yredelemnul.
 11357 | D:9      | Reached skill level 10 in Dodging
 11476 | D:9      | Found Pithaiqu's Assorted Antiques.
 11520 | D:9      | Reached ** piety under Wu Jian
 11525 | D:9      | Noticed a two-headed ogre
 11530 | D:9      | Killed a two-headed ogre
 11722 | D:9      | Found Wasiuty's Book Shoppe.
 11761 | D:10     | Entered Level 10 of the Dungeon
 11789 | D:10     | Reached skill level 1 in Summonings
 11829 | D:10     | Noticed Josephine
 12239 | D:10     | Killed Josephine
 12239 | D:10     | Reached skill level 5 in Fighting
 12395 | D:10     | Noticed Erolcha
 12401 | D:10     | Killed Erolcha
 12401 | D:10     | Reached skill level 9 in Spellcasting
 12447 | D:10     | Reached skill level 10 in Hexes
 12585 | D:10     | Reached skill level 2 in Summonings
 12854 | D:10     | Noticed Grum
 12869 | D:10     | Killed Grum
 13214 | D:10     | Reached skill level 11 in Dodging
 13441 | D:10     | Reached *** piety under Wu Jian
 13457 | D:10     | HP: 4/56 [electric eel/bolt of electricity (8)]
 13821 | D:10     | Reached skill level 15 in Stealth
 14101 | D:10     | Found a portal to a secret trove of treasure.
 14314 | D:10     | Got a twisted falchion
 14315 | D:10     | Identified the +9 falchion "Coeluwaa" {elec, rElec} (You
                  | found it on level 10 of the Dungeon)
 14547 | D:11     | Reached XP level 12. HP: 35/60 MP: 14/26
 15137 | D:11     | Reached **** piety under Wu Jian
 15538 | D:11     | Found Afou's Antique Weapon Boutique.
 15540 | D:11     | Noticed a two-headed ogre
 15545 | D:11     | Killed a two-headed ogre
 15545 | D:11     | Reached skill level 6 in Fighting
 15545 | D:11     | Reached skill level 10 in Spellcasting
 15632 | D:11     | Noticed a death yak
 15815 | D:11     | Found a staircase to the Lair.
 15815 | D:11     | Noticed a death yak
 15815 | D:11     | Noticed a death yak
 15816 | D:11     | Noticed a death yak
 15816 | D:11     | Noticed a death yak
 15817 | D:11     | Noticed a death yak
 15868 | D:11     | Got an ichor-stained robe
 15882 | D:10     | Identified the +2 robe "Uzxe Ujeki" {+Inv Str+7 Dex-2} (You
                  | found it on level 11 of the Dungeon)
 16087 | D:11     | Killed a death yak
 16087 | D:11     | Reached skill level 1 in Evocations
 16090 | D:11     | HP: 2/61 [death yak (14)]
 16099 | D:11     | Mangled by a death yak

Vanquished Creatures
  Gastronok (D:8)
  Josephine (D:10)
  Erolcha (D:10)
  A death yak (D:11)
  4 two-headed ogres
  Pikel (D:5)
  The ghost of Tenar the Chopper, a novice DsGl of Gozag (D:6)
  A troll (D:10)
  2 hornets (D:11)
  3 hippogriffs
  A spriggan (D:7)
  4 wraiths (D:10)
  5 yaks (D:10)
  2 hungry ghosts
  Eustachio (D:5)
  Grum (D:10)
  Duvessa (D:5)
  3 water moccasins
  3 ice beasts
  10 orc warriors
  A black bear (D:11)
  2 phantoms
  5 sky beasts
  4 wolves (D:10)
  5 ogres
  11 centaurs
  13 big kobolds
  10 bullfrogs
  A wyvern skeleton (D:8)
  5 scorpions
  12 howler monkeys
  5 electric eels
  10 crimson imps
  A centaur zombie (D:9)
  3 quasits
  A bullfrog zombie (D:5)
  4 hounds
  9 orc wizards
  6 orc priests
  A centaur skeleton (D:9)
  A gnoll shaman (D:8)
  3 jellies
  2 bullfrog skeletons
  8 worker ants
  A hound skeleton (D:6)
  A worker ant zombie (D:5)
  16 gnolls
  17 adders
  4 shadow imps
  3 oozes
  2 adder skeletons
  An adder zombie (D:6)
  5 worms
  3 dart slugs
  3 leopard geckos
  53 orcs
  A ball python (D:4)
  10 giant cockroaches
  13 hobgoblins
  25 jackals
  24 kobolds
  A quokka (D:8)
  7 bats
  6 frilled lizards
  5 goblins
  A leopard gecko skeleton (D:8)
  6 rats
378 creatures vanquished.

Vanquished Creatures (others)
  An electric eel (D:10)
  A crimson imp (D:5)
  A hound (D:5)
  An orc wizard (D:5)
  A shadow imp (D:5)
  An adder skeleton (D:5)
  An orc (D:5)
  A plant (D:6)
8 creatures vanquished.

Grand Total: 386 creatures vanquished
